Unix NetHack Version 3.7.0-86 Work-in-progress - last build May 30 2023 01:50:43 (cc98dc9aa62a9957b082a042edf5bd7ec9f632c7,branch:master). Game began 2023-06-09 14:24:50, ended 2023-06-09 17:35:43. nmlkj, chaotic male human Wizard 0 0 . -. % % |. --------- $|. ---.--.--..| / * |. |..........| * / 0 0 #.| |.........-- * )|.| --......---- 0 % |.---- --....[.-- * 0 0 |....|--....).-- !$% )% |.--.|.......)----- [ * |.||.|......|..[..|--- ? ! |.||...:@...|----.|..| * ( % * 0 [) )|[||......-- |()..| * / [ .[| ..--..---------)-- / ( [ [ [|.|----|.....|.)---.| |[||..--...|..[[<)..| ! * $ $$ )|.||.......---------- ------- -----------.||........| 0................*..|-------.- ----- - Nmlkj the Thaumaturge St:10 Dx:16 Co:12 In:18 Wi:13 Ch:10 Chaotic S:4060 Dlvl:8 $:138 HP:0(44) Pw:2(67) AC:6 Xp:7/893 T:3324 Latest messages: The spell misses the orc-captain. You feel more confident in your spell casting skills. There are several objects here. The poisoned crude arrow hits the dog! The dog is killed! A poisoned crude arrow misses you. You hit the orc-captain! The orc-captain swings his crude bow. The orc-captain hits! The orc-captain swings his crude bow. The orc-captain hits again! Are you sure you want to pray? [yn] (n) y You begin praying to Anhur. You are surrounded by a shimmering light. The orc-captain starts to attack you, but pulls back. You finish your prayer. You feel that Anhur is well-pleased. You feel much better. You hit Grisai-gorog of Ogzog-oth. You hit Grisai-gorog of Ogzog-oth. Grisai-gorog of Ogzog-oth swings his crude bow. Grisai-gorog of Ogzog-oth hits! You hit Grisai-gorog of Ogzog-oth. You hit Grisai-gorog of Ogzog-oth. Grisai-gorog of Ogzog-oth swings his crude bow. Grisai-gorog of Ogzog-oth hits! You hit Grisai-gorog of Ogzog-oth. You kill Grisai-gorog of Ogzog-oth! $ - 31 gold pieces (138 in total). You are almost hit by a crude dagger. You hit Aigorog of Ogzog-oth! Aigorog of Ogzog-oth swings his curved sword. Aigorog of Ogzog-oth hits! You are hit by a crude dagger. In what direction? u The spell hits Aigorog of Ogzog-oth! You kill Aigorog of Ogzog-oth! You miss the crocodile. You hit the crocodile! The crocodile bites! The crocodile hits! You miss the crocodile. In what direction? h The spell misses the crocodile. A crude dagger misses you. In what direction? h The spell hits the crocodile! The crocodile bites! The crocodile hits! You die... Inventory: $ - 138 gold pieces v - an uncursed amulet of magical breathing e - an uncursed ring of invisibility d - an uncursed ring of regeneration c - a wand of create monster (0:11) y - an uncursed potion of booze f - 2 uncursed potions of confusion j - an uncursed scroll of destroy armor u - an uncursed scroll of gold detection B - a blessed scroll of identify r - a blessed scroll of remove curse n - an uncursed spellbook of charm monster x - 3 uncursed food rations m - a magic marker (0:85) L - an uncursed tin opener F - an uncursed partly used wax candle (lit) l - a blessed +0 dagger G - a +0 dagger p - 2 +0 orcish daggers z - a corroded +0 orcish dagger a - a blessed +2 quarterstaff (weapon in hands) J - an uncursed +0 orcish helm (being worn) I - an uncursed +0 pair of speed boots (being worn) b - an uncursed +1 cloak of magic resistance (being worn) K - a blessed +0 leather armor Nmlkj the Wizard's attributes: Background: You were a Thaumaturge, a level 7 male human Wizard. You were chaotic, on a mission for Anhur who was opposed by Ptah (lawful) and Thoth (neutral). You were in the Gnomish Mines, on level 8. You entered the dungeon 3324 turns ago. You had 893 experience points, 387 more were needed to attain level 8. Your score was 4060 before end-of-game adjustments. Basics: You had 0 out of 44 hit points. You had 2 out of 67 energy points (spell power). Your armor class was 6. Your wallet contained 138 zorkmids. Autopickup was on for '$' plus thrown. Final Characteristics: Your strength was 10 (limit:18/100). Your dexterity was 16 (limit:18). Your constitution was 12 (limit:18). Your intelligence was 18 (limit:18). Your wisdom was 13 (limit:18). Your charisma was 10 (limit:18). Final Status: You were not hungry. You were unencumbered. You were wielding a quarterstaff. You had basic skill with quarterstaff and could have enhanced that. Final Attributes: You were piously aligned. You were magic-protected. You were telepathic. You were warded. You were very fast. You are dead. Miscellaneous: You disabled loading of bones levels. Total elapsed playing time was 1 hour, 48 minutes and 29 seconds. Major events: Turn 1: nmlkj the chaotic male human Wizard entered the dungeon 1236: attained the rank of Conjurer (level 3) 1854: entered the Gnomish Mines 2289: attained the rank of Thaumaturge (level 6) 3324: killed by a crocodile Vanquished creatures: 3 orc-captains a dog a water nymph 3 Uruk-hai 4 orc shamans a yellow light 2 gnome leaders a gnomish wizard a kobold mummy 4 elf zombies a giant ant a floating eye 8 dwarves 9 hill orcs a giant bat 2 dwarf zombies a wererat a werejackal 3 iguanas a gas spore a hobbit a giant rat 2 yellow molds a green mold 25 gnomes 2 geckos 6 jackals a fox 5 goblins 5 sewer rats 10 grid bugs a lichen 5 kobold zombies 4 newts 118 creatures vanquished. No species were genocided or became extinct. Voluntary challenges: You read items or engraved 10 times. You engraved Elbereth 2 times. You never genocided any monsters. You never polymorphed an object. You never changed form. You used no wishes. Achievements: You entered a shop. You attained the rank of Conjurer. You entered the Gnomish Mines. You attained the rank of Thaumaturge. The Dungeons of Doom: levels 1 to 4 Level 1: Level 2: A general store, a fountain. Level 3: A fountain, a grave. Level 4: Stairs down to The Gnomish Mines. The Gnomish Mines: levels 5 to 8 Level 5: Level 6: Level 7: Level 8: <- You were here. Final resting place for you, killed by a crocodile. Game over: ---------- / \ / REST \ / IN \ / PEACE \ / \ | nmlkj | | 138 Au | | killed by a | | crocodile | | | | | | 2023 | *| * * * | * _________)/\\_//(\/(/\)/\//\/|_)_______ Goodbye nmlkj the Wizard... You died in The Gnomish Mines on dungeon level 8 with 4047 points, and 138 pieces of gold, after 3324 moves. You were level 7 with a maximum of 44 hit points when you died.